 Dungeon Crawl Stone Soup version 0.31-a0-325-g067879e3d3 (webtiles) character file.

Game seed: 2007717614508322436

21 porpoise the Slasher (level 2, -8/24 HPs)
             Began as a Barachi Warper on July 19, 2023.
             Mangled by an iguana (13 damage)
             ... on level 2 of the Dungeon.
             The game lasted 00:03:03 (1035 turns).

porpoise the Slasher (Barachi Warper)               Turns: 1035, Time: 00:03:04

Health: -8/24      AC:  4    Str: 12    XL:     2   Next: 83%
Magic:  5/5        EV: 11    Int: 13    God:
Gold:   113        SH:  0    Dex: 11    Spells: 5/5 levels left

rFire   . . .        a - +0 falchion
rCold   . . .        (no shield)
rNeg    + . .        b - +0 leather armour
rPois   .            (no helmet)
rElec   .            (no cloak)
rCorr   .            i - +0 pair of gloves
SInv    .            (no boots)
Will    .....        (no amulet)
Stlth   +            e - ring of positive energy
HPRegen 0.24/turn    (no ring)
MPRegen 0.09/turn

%: no passive effects
@: slow
A: amphibious, slowness 1, strong legs 1, +LOS
a: Hop


You were on level 2 of the Dungeon.
You visited 1 branch of the dungeon, and saw 2 of its levels.

You collected 113 gold pieces.

Inventory:

Hand Weapons
 a - a +0 falchion (weapon)
Missiles
 d - 7 boomerangs of dispersal (quivered)
Armour
 b - a +0 leather armour (worn)
 i - a +0 pair of gloves (worn)
Jewellery
 e - a ring of positive energy (left hand)
Talismans
 f - a dragon-blood talisman
Scrolls
 c - a scroll of blinking
 g - a scroll of teleportation {unknown}
 h - a scroll of enchant armour {unknown}


   Skills:
 + Level 3.0 Fighting
 * Level 3.5 Long Blades
 - Level 1.0 Throwing
 - Level 1.2 Armour
 - Level 2.1 Dodging
 - Level 2.1 Spellcasting
 - Level 3.2 Translocations


You had 5 spell levels left.
You didn't know any spells.
Your spell library contained the following spells:

 Spells                   Type           Power      Damage    Failure   Level
 Blink                    Tloc           18%        N/A       12%         2
 Lesser Beckoning         Tloc           18%        N/A       12%         2
 Teleport Other           Tloc           9%         N/A       24%         3
 Vhi's Electric Charge    Tloc/Air       10%        N/A       43%         3
 Manifold Assault         Tloc           9%         N/A       63%         4


Dungeon Overview and Level Annotations

Branches:
Dungeon (2/15)

Altars:

Annotations:
D:2 Sigmund


Innate Abilities, Weirdness & Mutations

You are amphibious.
You cover ground slowly.
You can hop short distances.
You have an extended range of vision and can be seen from far away.


Message History

Keep equipping yourself? [Y]es or [N]o only, please.
Keep equipping yourself? [Y]es or [N]o only, please.
Keep equipping yourself? [Y]es or [N]o only, please.
Keep equipping yourself?
You start putting on your armour.
You continue putting on your +0 pair of gloves.
The rat closely misses you.
You continue putting on your +0 pair of gloves.
The rat barely misses you.
You continue putting on your +0 pair of gloves.
The rat barely misses you.
You continue putting on your +0 pair of gloves.
The rat barely misses you.
You finish putting on your +0 pair of gloves.
You hit the rat.
You kill the rat!
You see here a rat corpse.
Sigmund the Dreaded comes into view.
He is wielding a +0 scythe.
Sigmund shouts!
Sigmund casts a spell at you. You resist with significant effort.
An iguana comes into view.
The iguana hisses angrily.
You see here a rat corpse.
An adder comes into view.
Sigmund gestures wildly while chanting.
Sigmund flickers and vanishes!
Deactivating autopickup; reactivate with Ctrl-A.
The adder moves out of view.
You see here a rat corpse.
The adder hisses angrily.
The iguana attacks as you move away! The iguana bites you! x2
Ouch! That really hurt!
* * * LOW HITPOINT WARNING * * *
You hit the iguana but do no damage. The iguana bites you!
Ouch! That really hurt!
You die...

#.#.#
##...######
#.#.# ##.##
#<#.. #.#
#.... #.##
#.)# ##S#
#.# #l# #@#
#.# ...
.#...
#.####. .
.. ## .# #


You could see an iguana and an adder.

Vanquished Creatures
  A dart slug (D:1)
  2 ball pythons (D:1)
  5 endoplasms (D:1)
  A giant cockroach (D:1)
  2 goblins (D:1)
  2 kobolds
  4 rats
17 creatures vanquished.

Notes
Turn   | Place    | Note
-------+----------+-------------------------------------------
     0 | D:1      | porpoise the Barachi Warper began the quest for the Orb.
     0 | D:1      | Reached XP level 1. HP: 17/17 MP: 3/3
   360 | D:1      | Reached XP level 2. HP: 23/23 MP: 5/5
  1022 | D:2      | Noticed Sigmund
  1035 | D:2      | Mangled by an iguana

Illustrated notes

Levels and vault maps discovered:
D:1:      tarquinn_simple_flora_water_e, layout_loops_cross
D:2:      layout_loops_ring, dreamdust_wishing_well,
          minmay_misc_feat_secret_circle, uniq_sigmund

Skill      XL: |  1  2 |
---------------+-------+-----
Long Blades    | 3 |  3.5
Fighting       | 3 |  3.0
Throwing       | |  1.0
Armour         | |  1.2
Dodging        | |  2.1
Spellcasting   | |  2.1
Translocations | |  3.2

Action                     || total
---------------------------++-------
  Melee: Falchion          ||    39
 Armour: Leather armour    ||     7
  Dodge: Dodged            ||    23

Table legend: (Time is in decaauts)
 A = Elapsed time spent in this place.
 B = Non-inter-level travel time spent in this place.
 C = Inter-level travel time spent in this place.
 D = Time resting spent in this place.
 E = Time spent auto-exploring this place.
 F = Levels seen in this place.
 G = Mean time per level.
                   A        B        C        D        E       F      G
               +--------+--------+--------+--------+--------+-----+--------+
         Total |   1176 |   1121 |     55 |    249 |    718 |   2 |  588.0 |
       Dungeon |   1176 |   1121 |     55 |    249 |    718 |   2 |  588.0 |
               +--------+--------+--------+--------+--------+-----+--------+

Top non-repeatable levels by time:
     D:1: 1134 daAuts
     D:2: 42 daAuts
